Map: Eternal Empire LE

Players

LiquidClem (Clem) - Winner!

  • Race: Terran Terran
  • League: Grandmaster
  • Spawn Location: 1:00

TLHarstem (Harstem)

  • Race: Protoss Protoss
  • League: Master
  • Spawn Location: 7:00

Event: StayAtHomestory Cup #1

VOD

Have the link to the VOD?

Description

Time

  • Played on: April 10, 2020, 9:23 a.m.
  • Length: 9:12

All games in this series

Show
View Real Time Build Order
Export as new Build Order

LiquidClem Terran - Winner!

Build Orders: Reaper Expand 

Get SALT Encoding   

  12  0:00  SCV  
  13  0:12  SCV  
  14  0:17  Supply Depot  
  14  0:24  SCV  
  15  0:38  SCV  
  15  0:39  Barracks  
  16  0:44  Refinery  
  16  0:50  SCV  
  17  1:02  SCV  
  18  1:15  SCV  
  19  1:27  Reaper, Orbital Command  
  20  1:40  Command Center  
  20  1:48  Supply Depot  
  20  1:52  SCV  
  21  1:59  Barracks Reactor  
  21  2:04  SCV  
  21  2:08  Barracks  
  22  2:15  Refinery  
  22  2:16  SCV  
  23  2:24  Factory  
  23  2:28  SCV  
  24  2:37  Marine x2  
  24  2:40  SCV  
  27  2:53  Orbital Command  
  27  2:55  SCV, Marine x2  
  27  2:57  Barracks Tech Lab  
  30  3:07  SCV  
  30  3:08  Widow Mine  
  30  3:11  Starport  
  33  3:16  Stimpack  
  33  3:21  SCV x2  
  33  3:22  Marine  
  33  3:25  Marine  
  37  3:28  Marine  
  37  3:29  Factory Reactor  
  37  3:33  SCV  
  39  3:36  SCV  
  39  3:37  Supply Depot  
  40  3:43  Marine x2  
  40  3:46  SCV  
  43  3:49  SCV  
  43  3:50  Medivac  
  43  3:54  Supply Depot  
  46  3:59  SCV  
  46  4:01  SCV  
  47  4:03  Marine x2  
  47  4:04  Marine  
  47  4:05  Widow Mine  
  47  4:07  Widow Mine  
  54  4:11  Refinery  
  54  4:16  SCV x2  
  56  4:18  Engineering Bay  
  56  4:25  Marauder, Marine x2  
  56  4:28  SCV x2  
  62  4:38  Supply Depot  
  62  4:41  SCV, Medivac, Widow Mine  
  62  4:42  Widow Mine  
  69  4:45  Terran Infantry Weapons Level 1  
  69  4:46  SCV  
  70  4:55  Combat Shield  
  70  5:00  SCV x2, Marine x2  
  70  5:02  Marauder  
  75  5:12  SCV  
  75  5:21  Marine x2  
  73  5:23  SCV  
  73  5:24  Marauder  
  72  5:33  Refinery, Command Center, Barracks, Factory Tech Lab  
  72  5:34  Medivac  
  74  5:39  Medivac  
  74  5:41  Marine x2  
  78  5:44  Supply Depot  
  78  5:51  Supply Depot  
  78  6:00  Factory Reactor  
  78  6:01  Supply Depot  
  78  6:05  Marine x2  
  78  6:06  SCV x2, Marauder  
  84  6:11  Supply Depot  
  84  6:14  Concussive Shells  
  84  6:18  SCV x2  
  86  6:21  Medivac x2  
  86  6:24  Marine x2  
  88  6:27  Supply Depot, Marauder  
  88  6:30  SCV x2  
  92  6:36  Marauder  
  92  6:39  Terran Infantry Armor Level 1  
  92  6:42  SCV x2, Barracks  
  92  6:43  Barracks  
  92  6:44  SCV, Marine x2  
  90  6:51  Marauder  
  90  6:53  Widow Mine x2  
  93  6:57  Liberator  
  93  6:59  Liberator  
  99  7:02  Orbital Command  
  99  7:04  Marine  
  99  7:05  Marine  
  99  7:06  SCV  
  101  7:11  Marauder  
  101  7:13  SCV  
  101  7:15  Marauder  
  102  7:18  Widow Mine x2  
  102  7:19  SCV  
  106  7:26  Marine x2  
  108  7:32  Marauder  
  108  7:33  Starport  
  108  7:34  Barracks Reactor, Barracks Tech Lab  
  108  7:35  SCV x2, Supply Depot  
  110  7:40  Medivac  
  110  7:42  Medivac  
  114  7:44  SCV, Supply Depot  
  114  7:47  SCV, Refinery  
  114  7:50  Refinery, Marine  
  114  7:51  Marine  
  118  7:55  Marauder x2  
  118  7:57  Marauder  
  118  7:58  SCV  
  125  8:02  SCV x2, Supply Depot  
  127  8:08  Marine  
  127  8:12  SCV  
  129  8:15  SCV  
  129  8:16  Marauder  
  129  8:17  Command Center  
  131  8:20  Marine  
  131  8:22  Viking x2  
  131  8:23  Viking  
  131  8:26  Viking  
  140  8:28  SCV x2  
  142  8:34  Supply Depot  
  142  8:37  Marine, Ghost Academy  
  142  8:38  SCV, Marine  
  142  8:40  SCV x2  
  147  8:42  Supply Depot, Marauder  
  149  8:50  Marauder x2  
  149  8:51  SCV  
  155  8:52  SCV  
  155  8:53  SCV  
Show
View Real Time Build Order
Export as new Build Order

TLHarstem Protoss 

Build Orders: 1 Gate Expand, Colossus Rush 

Get SALT Encoding   

  12  0:00  Probe  
  13  0:13  Probe  
  14  0:17  Pylon  
  14  0:25  Probe (Chrono Boost)  
  15  0:32  Assimilator  
  15  0:37  Probe (Chrono Boost)  
  16  0:45  Probe (Chrono Boost), Gateway  
  17  0:51  Probe  
  18  1:03  Probe  
  19  1:15  Probe  
  20  1:22  Nexus  
  20  1:32  Cybernetics Core  
  20  1:35  Probe  
  21  1:41  Assimilator  
  21  1:47  Probe  
  21  1:50  Pylon  
  22  1:59  Probe  
  23  2:06  Adept (Chrono Boost)  
  23  2:09  Warp Gate  
  23  2:11  Probe  
  26  2:18  Robotics Facility  
  26  2:24  Probe  
  26  2:26  Adept (Chrono Boost)  
  29  2:35  Probe  
  29  2:36  Probe  
  31  2:47  Probe (Chrono Boost)  
  33  2:53  Probe (Chrono Boost)  
  33  2:58  Probe (Chrono Boost)  
  34  3:01  Stalker  
  34  3:02  Probe x2 (Chrono Boost), Gateway  
  38  3:08  Observer (Chrono Boost)  
  38  3:12  Probe  
  40  3:14  Probe  
  40  3:16  Pylon  
  41  3:24  Probe  
  41  3:26  Probe  
  44  3:27  Observer (Chrono Boost)  
  44  3:37  Nexus  
  44  3:38  Pylon  
  44  3:39  Probe  
  45  3:43  Probe  
  45  3:45  Pylon  
  45  3:47  Observer  
  47  3:51  Probe  
  48  4:00  Sentry  
  48  4:01  Stalker  
  48  4:02  Probe (Chrono Boost)  
  53  4:04  Assimilator  
  53  4:08  Assimilator  
  54  4:10  Probe (Chrono Boost)  
  54  4:14  Probe (Chrono Boost), Pylon  
  55  4:18  Robotics Bay  
  55  4:19  Probe x2 (Chrono Boost)  
  57  4:26  Stalker, Zealot  
  57  4:28  Probe  
  57  4:29  Probe, Shield Battery  
  63  4:38  Shield Battery  
  63  4:41  Probe  
  63  4:43  Probe  
  65  4:46  Stalker  
  65  4:49  Stalker  
  69  4:53  Probe  
  69  4:55  Probe  
  71  5:05  Probe  
  70  5:08  Probe, Colossus (Chrono Boost)  
  70  5:13  Stalker x2  
  76  5:17  Probe  
  75  5:21  Probe (Chrono Boost)  
  76  5:29  Forge  
  76  5:30  Probe (Chrono Boost), Twilight Council  
  76  5:34  Probe (Chrono Boost)  
  79  5:36  Probe (Chrono Boost), Gateway  
  79  5:38  Gateway  
  79  5:39  Probe (Chrono Boost)  
  79  5:41  Probe (Chrono Boost)  
  79  5:42  Sentry x2  
  85  5:45  Probe x2  
  87  5:51  Probe  
  87  5:54  Pylon  
  87  5:55  Pylon  
  88  6:03  Probe  
  89  6:06  Stalker  
  89  6:08  Stalker  
  93  6:11  Colossus (Chrono Boost)  
  93  6:12  Probe x2  
  93  6:13  Pylon  
  93  6:15  Probe  
  102  6:21  Protoss Ground Armor Level 1 (Chrono Boost)  
  102  6:24  Probe  
  102  6:25  Blink  
  103  6:26  Probe  
  103  6:27  Forge  
  103  6:29  Pylon, Assimilator  
  103  6:30  Assimilator  
  102  6:37  Stalker  
  102  6:38  Stalker  
  98  6:52  Stalker x2  
  98  6:53  Probe  
  89  6:58  Probe  
  90  7:01  Probe  
  90  7:05  Probe  
  90  7:07  Colossus (Chrono Boost)  
  90  7:08  Zealot x2  
  90  7:10  Probe  
  90  7:14  Probe  
  88  7:17  Stalker x2  
  88  7:19  Probe  
  89  7:27  Probe  
  89  7:28  Photon Cannon  
  89  7:29  Probe  
  91  7:30  Photon Cannon  
  91  7:34  Probe  
  92  7:38  Sentry, Zealot  
  92  7:39  Probe  
  92  7:42  Photon Cannon  
  92  7:44  Shield Battery  
  97  7:47  Stalker x2  
  101  7:53  Gateway  
  101  7:54  Gateway  
  101  7:55  Shield Battery  
  101  7:57  Pylon  
  101  7:59  Sentry, Gateway  
  101  8:00  Observer  
  101  8:03  Immortal (Chrono Boost), Sentry  
  109  8:11  Stalker  
  104  8:20  Probe  
  104  8:23  Zealot x2  
  104  8:26  Pylon  
  108  8:27  Pylon  
  108  8:28  Pylon  
  108  8:30  Pylon  
  108  8:32  Pylon  
  108  8:33  Pylon  
  108  8:37  Pylon  
  108  8:42  Nexus  
Tags
 
Add a new tag
Caveats
  • Supply blocks, unpowered buildings, or Contaminate may cause inaccurate times.
  • Supply counts are checked every 10 seconds.